 Dungeon Crawl Stone Soup version 0.28-a0-230-g086cc6695f (webtiles) character file.

Game seed: 9407096341463845459

14 Gargoyl the Skirmisher (level 2, -5/29 HPs)
             Began as a Gnoll Abyssal Knight on Aug 22, 2021.
             Was a Follower of Lugonu.
             Slain by a sky beast (6 damage)
             ... on level 4 of the Dungeon.
             The game lasted 00:01:11 (582 turns).

Gargoyl the Skirmisher (Gnoll Abyssal Knight)        Turns: 582, Time: 00:01:11

Health: -5/29      AC:  8    Str: 11    XL:     2   Next: 41%
Magic:  5/5        EV:  9    Int: 11    God:    Lugonu [*.....]
Gold:   7          SH:  0    Dex: 11    Spells: 1/1 levels left

rFire   . . .      SeeInvis .   a - +1 hand axe
rCold   . . .      Faith    .   (no shield)
rNeg    . . .      Spirit   .   e - +0 scale mail
rPois   .          Reflect  .   d - +0 helmet
rElec   .          Harm     .   (no cloak)
rCorr   .          Rampage  .   (no gloves)
Will    .....                   (no boots)
Stlth   ..........              (no amulet)
HPRegen 0.09/turn               (no ring)
MPRegen 0.09/turn               (no ring)

@: no status effects
A: fangs 1, strong nose, distributed training
a: Renounce Religion, Depart the Abyss


You were on level 4 of the Dungeon.
You worshipped Lugonu.
Lugonu was aware of your devotion.
You visited 1 branch of the dungeon, and saw 4 of its levels.
You visited the Abyss 1 time.

You collected 7 gold pieces.

Inventory:

Hand Weapons
 a - a +1 hand axe (weapon)
Armour
 d - a +0 helmet (worn)
 e - a +0 scale mail (worn)
Wands
 c - a wand of digging (6)


   Skills:
 + Level 6.5 Fighting
 + Level 0.4 Short Blades
 + Level 0.4 Long Blades
 + Level 4.5 Axes
 + Level 0.4 Maces & Flails
 + Level 0.4 Polearms
 + Level 0.4 Staves
 + Level 0.4 Slings
 + Level 0.4 Bows
 + Level 0.4 Crossbows
 + Level 0.4 Throwing
 + Level 4.5 Armour
 + Level 2.5 Dodging
 + Level 0.4 Stealth
 + Level 0.4 Shields
 + Level 0.4 Unarmed Combat
 + Level 0.4 Spellcasting
 + Level 0.2 Conjurations
 + Level 0.2 Hexes
 + Level 0.2 Summonings
 + Level 0.2 Necromancy
 + Level 0.2 Translocations
 + Level 0.2 Transmutations
 + Level 0.2 Fire Magic
 + Level 0.2 Ice Magic
 + Level 0.2 Air Magic
 + Level 0.2 Earth Magic
 + Level 0.2 Poison Magic
 + Level 4.5 Invocations
 + Level 0.4 Evocations


You had one spell level left.
You didn't know any spells.
Your spell library was empty.

Dungeon Overview and Level Annotations

Branches:
Dungeon (4/15)
 Temple: D:4-7

Altars:

Annotations:
D:2 Robin


Innate Abilities, Weirdness & Mutations

You have very sharp teeth.
Your uncanny sense of smell can sniff out nearby items.
Your experience applies equally to all skills.


Message History

Unknown command.
You barely miss something. Something hits you but does no damage.
You barely miss something. Something hits you but does no damage.
Unknown command.
You miss something. Something hits you but does no damage.
You completely miss something. Something hits you but does no damage.
You hit something but do no damage. You bite something. Something hits you.
Something shocks you.
You barely miss something. Something hits you but does no damage.
A hobgoblin and an orc come into view.
Found a grey potion.
The orc shouts!
The hobgoblin shouts!
You aren't carrying any scrolls.
Unknown command.
You open the door. Something hits you but does no damage.
Found 18 gold pieces.
A sky beast appears from thin air!
Reactivating autopickup.
There is an open door here.
There is a stone staircase leading down here.
The sky beast barely misses you.
You climb downwards.
There is a stone staircase leading up here.
You miss the sky beast.
The sky beast is lightly wounded.
The sky beast hits you. The sky beast shocks you.
You barely miss the sky beast.
The sky beast is lightly wounded.
The sky beast hits you but does no damage.
You hit the sky beast.
The sky beast is moderately wounded.
The sky beast barely misses you. The sky beast hits you.
The sky beast shocks you.
* * * LOW HITPOINT WARNING * * *
You hit the sky beast.
The sky beast is moderately wounded.
The sky beast hits you.
* * * LOW HITPOINT WARNING * * *
The sky beast shocks you.
You die...

∆ #########
#@Y.....#
#.#######.#
#.......#.#
#....#
#....#
........#
#####.....
#.#.#.#
#...#...


You could see a sky beast.

Vanquished Creatures
  A bat (D:2)
  2 endoplasms (D:1)
  2 hobgoblins (D:1)
  A kobold (D:1)
  3 ball pythons (D:1)
  A frilled lizard (D:1)
  2 rats
12 creatures vanquished.

Notes
Turn   | Place    | Note
-------+----------+-------------------------------------------
     0 | Abyss:1  | Gargoyl the Gnoll Abyssal Knight began the quest for the
                  | Orb.
     0 | Abyss:1  | Reached XP level 1. HP: 23/23 MP: 3/3
    51 | Abyss:2  | Noticed a large abomination
    64 | D:1      | Escaped the Abyss
   335 | D:1      | Reached XP level 2. HP: 24/29 MP: 5/5
   439 | D:1      | Reached * piety under Lugonu
   475 | D:1      | You fall into a shaft and drop 1 floor!
   534 | D:2      | Noticed Robin
   534 | D:2      | You fall into a shaft and drop 2 floors!
   547 | D:3      | Noticed a sky beast
   582 | D:4      | HP: 1/29 [sky beast (2)]
   582 | D:4      | Slain by a sky beast

Illustrated notes

Levels and vault maps discovered:
D:1:      shiori_arrival_whats_in_store_for_you, layout_basic,
          serial_co_window_serial, co_window_paths_a,
          co_window_of_opportunity_a, co_window_corner_a,
          co_window_of_opportunity_a, co_window_paths_a, co_window_corner_b,
          co_window_of_opportunity_b, co_window_of_opportunity_c,
          co_window_broadway_a, co_window_corner_b, glass_columns_a,
          glass_columns_a, glass_columns_b, corner_web_ring
D:2:      layout_loops_cross, serial_bayou_pond_b, hex_medium, uniq_natasha,
          uniq_sigmund, uniq_robin
D:3:      layout_basic, hellmonk_ecumenical_altar_arch_garden,
          grunt_ministairs_9, minmay_misc_feat_more_columns, minmay_door_square
D:4:      layout_basic, mainiacjoe_overflow_boulevard

Action                   || total
-------------------------++-------
Melee: Hand axe          ||    60
       Bite              ||     4
Invok: Depart the Abyss  ||     1
  Use: Scroll            ||     1
Armor: Scale mail        ||    45
Dodge: Dodged            ||    33

Table legend: (Time is in decaauts)
 A = Elapsed time spent in this place.
 B = Non-inter-level travel time spent in this place.
 C = Inter-level travel time spent in this place.
 D = Time resting spent in this place.
 E = Time spent auto-exploring this place.
 F = Levels seen in this place.
 G = Mean time per level.
                   A        B        C        D        E       F      G
               +--------+--------+--------+--------+--------+-----+--------+
         Total |    586 |    586 |      0 |      0 |    358 |   6 |   97.7 |
       Dungeon |    522 |    522 |      0 |      0 |    329 |   4 |  130.5 |
         Abyss |     63 |     63 |      0 |      0 |     29 |   2 |   31.5 |
               +--------+--------+--------+--------+--------+-----+--------+

Top non-repeatable levels by time:
     D:1: 413 daAuts
     D:2: 59 daAuts
 Abyss:2: 34 daAuts
     D:3: 32 daAuts
 Abyss:1: 29 daAuts
     D:4: 17 daAuts
